 Dungeon Crawl Stone Soup version 0.26.0-8-g74fc34ddfb (webtiles) character file.

Game seed: 1802107356481208434

1530 ythm the Cleaver (level 8, -4/73 HPs)
             Began as a Gargoyle Monk on Jan 12, 2021.
             Was an Elder of Okawaru.
             Slain by a chaos spawn (11 damage)
             ... on level 8 of the Dungeon.
             The game lasted 00:13:47 (6697 turns).

ythm the Cleaver (Gargoyle Monk)                    Turns: 6697, Time: 00:13:47

Health: -4/73      AC: 28    Str: 18    XL:     8   Next: 85%
Magic:  10/10      EV:  2    Int: 12    God:    Okawaru [****..]
Gold:   74         SH:  0    Dex: 12    Spells: 7/7 levels left

rFire    . . .     SeeInvis .   a - +0 hand axe
rCold    . . .     Faith    .   (no shield)
rNeg     + + +     Spirit   .   (armour currently unavailable)
rPois    ∞         Reflect  .   (helmet currently unavailable)
rElec    .         Harm     .   (cloak currently unavailable)
rCorr    +         Rampage  .   (gloves currently unavailable)
Will     .....     NoTele   +   (boots currently unavailable)
Stlth    ++........             (no amulet)
HPRegen  0.22/turn              D - +4 ring of protection
MPRegen  0.12/turn              i - ring of resist corrosion (curse)

@: mighty, tree-form
A: clever 1, negative energy resistance 1, wild magic 1, petrification
resistance, miasma immunity, AC +5
a: Renounce Religion, Heroism


You were on level 8 of the Dungeon.
You worshipped Okawaru.
Okawaru was greatly pleased with you.
You were a tree.
You visited 2 branches of the dungeon, and saw 9 of its levels.
You also visited: Sewer.

You collected 484 gold pieces.
You spent 410 gold pieces at shops.

Inventory:

Hand Weapons
 a - a +0 hand axe (weapon)
 o - a +2 dagger of electrocution
Missiles
 c - 13 atropa-tipped darts (quivered)
Armour
 b - a +0 robe
 f - a scarf of resistance (melded)
 r - a +2 pair of gloves (melded)
 v - the +0 helmet of Naush (melded) {rC+ Int+6 Slay+3}
   (You bought it in a shop on level 5 of the Dungeon)

   It affects your intelligence (+6).
   It affects your accuracy and damage with ranged weapons and melee attacks
   (+3).
   It protects you from cold.
 x - a +0 tower shield
 A - a +2 ring mail of willpower (melded)
Jewellery
 i - a cursed ring of resist corrosion (right branch)
 j - an uncursed ring of protection from cold
 D - a +4 ring of protection (left branch)
Wands
 q - a wand of polymorph (9)
Scrolls
 g - 3 scrolls of identify
 k - 3 scrolls of immolation
 p - 10 scrolls of remove curse
 s - 2 scrolls of amnesia
 y - a scroll of enchant weapon {unknown}
 F - a scroll of noise {unknown}
 G - 2 scrolls of teleportation
Potions
 e - 3 potions of flight
 h - a potion of magic {unknown}
 l - a potion of lignification
 m - a potion of attraction {unknown}
 n - 2 potions of cancellation {unknown}
 t - 2 potions of mutation
 u - 3 potions of haste {unknown}
 w - 2 potions of ambrosia {unknown}
 z - 2 potions of berserk rage {unknown}
 B - a potion of invisibility {unknown}


   Skills:
 - Level 5.0 Fighting
 * Level 9.3 Axes
 - Level 1.0 Armour
 - Level 2.4 Dodging
 - Level 2.1 Stealth
 - Level 3.0 Invocations


You had 7 spell levels left.
You didn't know any spells.
Your spell library was empty.

Dungeon Overview and Level Annotations

Branches:
Dungeon (8/15)             Temple (1/1) D:4            Lair (0/6) D:8
  Sewer (visited)

Altars:
Ashenzari
Dithmenos
Elyvilon
Fedhas
Gozag
Hepliaklqana
Kikubaaqudgha
Makhleb
Nemelex Xobeh
Okawaru
Sif Muna
Trog
Uskayaw
Vehumet
Wu Jian
Xom
Yredelemnul
Zin
The Shining One

Shops:
D:5 !!![   D:7 [


Innate Abilities, Weirdness & Mutations

You are resistant to torment.
((Your stone body is resilient. (AC +5)))
You are immune to poison.
You resist negative energy. (rN+)
((You are resistant to electric shocks. (rElec)))
((You can survive without breathing.))
You are immune to petrification.
You are immune to miasma.
((You are partially covered in iridescent scales. (AC +2)))
Your mind is acute. (Int +2)
Your spells are a little harder to cast, but a little more powerful.


Message History

You are engulfed in flames!
* * * LOW HITPOINT WARNING * * *
You feel better.
The chaos spawn gores you but does no damage.
It was a potion of mutation.
You feel extremely strange.
You feel less in control of your magic.
Iridescent scales grow over part of your body.
You feel clever.
The chaos spawn gores you but does no damage.
You slash the chaos spawn!
The chaos spawn is severely wounded.
The chaos spawn barely misses you.
Unknown command.
Unknown command.
You barely miss the chaos spawn.
The chaos spawn is severely wounded.
The chaos spawn gores you.
* * * LOW HITPOINT WARNING * * *
The chaos spawn freezes you!
You die...

#### .... ...#.
⌠$.♣ .<.+
#####.⌠.#._
#.....⌠.$8.
#######.........)
#..♣4........≈.?#
#.#####.....8....
##.. #.#
#......≈##⌠ ...#.
≈.. #.#
#......... ..#..
... #.#
#..........
..#.##..P##.##.#
#..........
..#)..PP....##.#
###########
..#≈...>.P.≈##.#
..#..P.P....##.#


You could see a chaos spawn.

Vanquished Creatures
  2 chaos spawn (D:8)
  Purgy (Sewer)
  An ice beast (D:6)
  2 ogres
  2 bullfrogs
  A bullfrog zombie (D:6)
  3 hounds
  2 orc priests (D:7)
  A centaur skeleton (D:7)
  A jelly (D:5)
  6 orc wizards
  A bullfrog skeleton (D:7)
  2 worker ants
  A howler monkey zombie (D:5)
  A worker ant zombie (D:6)
  11 adders
  2 shadow imps
  2 white imps (D:7)
  An ooze (D:2)
  2 ufetubi
  3 worms
  3 dart slugs (D:1)
  4 leopard geckos
  12 orcs
  2 ball pythons
  3 giant cockroaches
  11 goblins
  10 hobgoblins
  17 jackals
  2 quokkas
  12 bats
  5 frilled lizards
  8 kobolds
  15 rats
152 creatures vanquished.

Notes
Turn   | Place    | Note
-------+----------+-------------------------------------------
     0 | D:1      | ythm the Gargoyle Monk began the quest for the Orb.
     0 | D:1      | Reached XP level 1. HP: 14/14 MP: 1/1
    58 | D:1      | Reached skill level 3 in Axes
    64 | D:1      | Reached XP level 2. HP: 13/19 MP: 2/2
   452 | D:1      | Reached XP level 3. HP: 21/23 MP: 3/3
   631 | D:1      | Reached skill level 4 in Axes
  1163 | D:2      | Reached XP level 4. HP: 26/28 MP: 4/4
  2412 | D:3      | Reached skill level 1 in Armour
  2429 | D:3      | Reached skill level 5 in Axes
  2429 | D:3      | Reached XP level 5. HP: 32/32 MP: 5/5
  2823 | D:4      | Found a staircase to the Ecumenical Temple.
  2866 | Temple   | Entered the Ecumenical Temple
  3086 | Temple   | Became a worshipper of Warmaster Okawaru
  3086 | Temple   | Reached * piety under Okawaru
  3086 | Temple   | Reached ** piety under Okawaru
  3229 | D:4      | Found a glowing drain.
  3246 | Sewer    | Entered a sewer
  3252 | Sewer    | Reached XP level 6. HP: 37/37 MP: 6/6
  3283 | Sewer    | Noticed Purgy
  3305 | Sewer    | Killed Purgy
  3306 | Sewer    | Reached skill level 6 in Axes
  3951 | D:5      | Entered Level 5 of the Dungeon
  4026 | D:5      | Found Ziagozefo's Magic Scroll Shoppe.
  4121 | D:5      | Found Taotono's Distillery.
  4157 | D:5      | Reached skill level 1 in Invocations
  4185 | D:5      | Found a blossoming altar of Fedhas.
  4226 | D:5      | Found Plog's Distillery.
  4234 | D:5      | Bought a potion of heal wounds for 60 gold pieces
  4363 | D:5      | Found Ukloa's Distillery.
  4373 | D:5      | Bought a potion of might for 56 gold pieces
  4464 | D:5      | Reached XP level 7. HP: 40/41 MP: 7/7
  4470 | D:5      | Found Nainouwn's Antique Armour Boutique.
  4646 | D:5      | Found a hide-covered altar of Uskayaw.
  4844 | D:6      | Reached *** piety under Okawaru
  4848 | D:6      | Reached skill level 7 in Axes
  5080 | D:6      | Reached XP level 8. HP: 40/48 MP: 10/10
  5199 | D:6      | Got a brightly glowing leather armour
  5210 | D:6      | Identified the +0 leather armour of Sogubriq {rElec rF+
                  | Dex+3} (You found it on level 6 of the Dungeon)
  5253 | D:6      | Found a hazy altar of Hepliaklqana.
  5702 | D:5      | Bought a spiked helmet for 294 gold pieces
  5712 | D:5      | Identified the +0 helmet of Naush {rC+ Int+6 Slay+3} (You
                  | bought it in a shop on level 5 of the Dungeon)
  5791 | D:7      | Reached skill level 5 in Fighting
  5800 | D:7      | Reached skill level 8 in Axes
  5842 | D:7      | Found Ohant's Antique Armour Emporium.
  5925 | D:7      | Found a sparkling altar of Nemelex Xobeh.
  6622 | D:8      | Found a staircase to the Lair.
  6652 | D:8      | Found a shimmering altar of Xom.
  6653 | D:8      | Found the +7 mace of Variability {chain chaos}
  6667 | D:8      | Reached **** piety under Okawaru
  6668 | D:8      | Reached skill level 9 in Axes
  6692 | D:8      | HP: 1/73 [chaos spawn (10)]
  6695 | D:8      | Gained mutation: Your spells are a little harder to cast,
                  | but a little more powerful. [potion of mutation]
  6695 | D:8      | Gained mutation: You are partially covered in iridescent
                  | scales. (AC +2) [potion of mutation]
  6695 | D:8      | Gained mutation: Your mind is acute. (Int +2) [potion of
                  | mutation]
  6697 | D:8      | Slain by a chaos spawn

Illustrated notes

Levels and vault maps discovered:
D:1:      erik_arrival_cave_to_civilisation [erik_arrival_cave_to_temple],
          layout_rooms
D:2:      layout_rooms, minmay_pentomino_z4
D:3:      layout_loops_cross
D:4:      layout_cave_pools, minmay_temple_entry_drinking_statues,
          portal_sewer_entry_d
D:5:      layout_loops_ring, nicolae_overflow_crystal_walls, kennysheep_mini,
          serial_shops, shop, nicolae_shop_trees, shop, kennysheep_mini_moat,
          shop, kennysheep_decorative_pillar
D:6:      layout_rooms, basic_altar
D:7:      layout_layer_cave, nemelex_xobeh_ov_fountains_minmay, serial_shops,
          nicolae_shop_trees
D:8:      layout_basic, dpeg_oklobed_lair, minmay_guarded_unrand_variability
Temple:   lightli_temple_of_artemis

Skill      XL: |  1  2  3  4  5  6  7  8 |
---------------+-------------------------+-----
Axes           | 3 4 5 6 7 9 |  9.3
Armour         | 1 |  1.0
Invocations    | 1 2 3 |  3.0
Fighting       | 4 5 |  5.0
Dodging        | |  2.4
Stealth        | |  2.1

Action                   |  1- 3 |  4- 6 |  7- 9 || total
-------------------------+-------+-------+-------++-------
Melee: Hand axe          |   117 |   301 |   309 ||   727
       Punch             |       |       |     1 ||     1
Invok: Heroism           |       |     1 |     3 ||     4
  Use: Scroll            |       |    12 |       ||    12
       Potion            |       |       |     7 ||     7
 Stab: Sleeping          |     1 |     3 |     1 ||     5
       Distracted        |       |     1 |       ||     1
Armor: Robe              |    34 |    10 |       ||    44
       Leather armour    |       |   126 |       ||   126
       Ring mail         |       |    21 |   148 ||   169
       Skin              |       |       |    12 ||    12
Dodge: Dodged            |    85 |   203 |   133 ||   421
